 Dungeon Crawl Stone Soup version 0.30.0-29-ga12c61a403 (webtiles) character file.

Game seed: 17427689774592062521

88 qw the Chopper (level 4, -2/28 HPs)
             Began as a Gargoyle Fighter on June 4, 2023.
             Killed by divine providence
             ... invoked by an orc priest
              (12 damage)
             ... on level 3 of the Dungeon.
             The game lasted 00:00:54 (1584 turns).

qw the Chopper (Gargoyle Fighter)                   Turns: 1584, Time: 00:00:55

Health: -2/28      AC: 12    Str: 21    XL:     4   Next: 53%
Magic:  4/4        EV:  9    Int:  9    God:
Gold:   59         SH:  4    Dex:  9    Spells: 3/3 levels left

rFire   . . .        Y - +0 war axe (freeze)
rCold   . . .        c - +0 buckler
rNeg    + . .        b - +0 scale mail
rPois   inf          (no helmet)
rElec   +            (no cloak)
rCorr   .            f - +0 pair of gloves
SInv    .            m - +0 pair of boots
Will    .....        (no amulet) Stlth
                     (no ring)
HPRegen 0.24/turn    (no ring)
MPRegen 0.09/turn

%: no passive effects
@: no status effects
A: sickness immunity, AC +3, negative energy resistance 1, electricity
resistance, torment resistance 1, petrification resistance
a: no special abilities


You were on level 3 of the Dungeon.
You visited 1 branch of the dungeon, and saw 3 of its levels.

You collected 59 gold pieces.


Innate Abilities, Weirdness & Mutations

You are immune to sickness and miasma.
Your stone body is resilient. (AC +3)
You are immune to poison.
You resist negative energy. (rN+)
You are resistant to electric shocks. (rElec)
You are resistant to unholy torment.
You are immune to petrification.


   Skills:
 - Level 3.2 Fighting
 + Level 4.2 Axes
 - Level 3.2 Armour
 - Level 3.2 Shields


You had 3 spell levels left.
You didn't know any spells.
Your spell library was empty.

Inventory:

Hand Weapons
 l - a +0 flail
 Y - a +0 war axe of freezing (weapon)
Missiles
 h - 7 boomerangs (quivered)
Armour
 b - a +0 scale mail (worn)
 c - a +0 buckler (worn)
 f - a +0 pair of gloves (worn)
 m - a +0 pair of boots (worn)
Scrolls
 i - a scroll of magic mapping {unknown}
 j - a scroll of identify
 o - a scroll of teleportation
Potions
 a - 2 potions of cancellation
 d - a potion of might
 e - a potion of curing {unknown}
 g - a potion of magic {unknown}
 k - a potion of lignification {unknown}
 n - a potion of flight {unknown}

Dungeon Overview and Level Annotations

Branches:
Dungeon (3/15)

Altars:
Makhleb


Message History

The orc is severely wounded.
You barely miss the orc.
The orc is severely wounded.
You hit the orc but do no damage.
The orc is severely wounded.
You barely miss the orc priest. The orc hits you but does no damage.
The orc priest hits you with a +0 mace.
An orc comes into view. It is wielding a +0 hand axe.
The orc closely misses you. You block the orc priest's attack.
You hit the orc. You freeze the orc.
You kill the orc!
You barely miss the orc priest.
The orc priest invokes the aid of Beogh against you.
Beogh smites you!
You barely miss the orc priest.
The orc priest is heavily wounded.
An orc priest comes into view. It is wielding a +2 flail of draining.
The orc priest hits you but does no damage.
The orc priest shouts!
You hit the orc priest. You freeze the orc priest.
The orc priest is severely wounded.
You block the orc priest's attack. The orc priest hits you with a +0 mace.
The orc hits you with a +0 hand axe.
You closely miss the orc priest.
The orc priest is severely wounded.
You slash the orc! You freeze the orc.
You kill the orc!
The orc priest begins to cast a cantrip, but forgets the words!
You hit the orc priest but do no damage.
The orc priest is severely wounded.
You barely miss the orc priest.
The orc priest hits you but does no damage.
You slash the orc priest! You freeze the orc priest.
You kill the orc priest!
You hit the orc priest. You freeze the orc priest.
An orc priest comes into view. It is wielding a +0 mace.
The orc priest barely misses you.
The orc priest mumbles some strange prayers to Beogh against you.
Beogh smites you!
You die...

###...>......#
..#..........# .
#............##. .
.............. o.
#..........# ..
#..........# o. #.
#.........o#.^# #.#
#.........@#..#
#...##.##..###.o.##
#........# #.#...._#2
####.###.###...######
#.# #.....#..
#####.###.....###.####
###............######..#
....###...##.#....#
##.###
........####.####.##
#.<.#


You could see 2 orc priests.

Vanquished Creatures
  An orc priest (D:3)
  An orc wizard (D:3)
  An adder (D:3)
  A worm (D:2)
  5 orcs (D:3)
  2 bats
  4 endoplasms
  2 giant cockroaches
  7 goblins
  3 hobgoblins (D:2)
  6 kobolds
  4 quokkas
  A ball python (D:3)
  4 frilled lizards
  2 rats
44 creatures vanquished.

Notes
Turn   | Place    | Note
-------+----------+-------------------------------------------
     0 | D:1      | qw the Gargoyle Fighter began the quest for the Orb.
     0 | D:1      | Reached XP level 1. HP: 14/14 MP: 1/1
     0 | D:1      | 0 ||| qw: Version: 0.2-a-107-g4668610
     0 | D:1      | 0 ||| qw: Game counter: 1315
     0 | D:1      | 0 ||| qw: Always use a shield: true
     0 | D:1      | 0 ||| qw: God list: Okawaru
     0 | D:1      | 0 ||| qw: Allow faded altars: false
     0 | D:1      | 0 ||| qw: Do Orc after D:15 true
     0 | D:1      | 0 ||| qw: Do second Lair branch before Depths: true
     0 | D:1      | 0 ||| qw: Lair rune preference: random
     0 | D:1      | 0 ||| qw: Plans: Normal, Zot:1-4, Slime:5, God:TSO, Crypt,
                  | Tomb, Abyss, Pan, Hells, Win
     0 | D:1      | 0 ||| PLANNING D:1-11
    23 | D:1      | Reached skill level 2 in Axes
    77 | D:1      | 77 ||| Stepping ~*~*~tactically~*~*~ (hiding).
    80 | D:1      | 80 ||| Stepping ~*~*~tactically~*~*~ (hiding).
    87 | D:1      | 87 ||| Stepping ~*~*~tactically~*~*~ (stealth).
    91 | D:1      | 91 ||| Stepping ~*~*~tactically~*~*~ (stealth).
    92 | D:1      | 92 ||| Stepping ~*~*~tactically~*~*~ (stealth).
   127 | D:1      | Reached XP level 2. HP: 19/19 MP: 2/2
   586 | D:1      | 586 ||| UPGRADING to +0 pair of gloves.
   591 | D:1      | 591 ||| DROPPING amulet of magic regeneration.
   592 | D:1      | 592 ||| READING scroll labelled XUGGUQOVAM.
   593 | D:1      | 593 ||| READING 2 scrolls labelled DIAD RODUN.
   594 | D:1      | 594 ||| READING scroll labelled PIXZITAUFA.
   598 | D:1      | 598 ||| READING scroll labelled RISTICUESO.
   706 | D:2      | Reached skill level 3 in Axes
   770 | D:2      | Reached XP level 3. HP: 23/23 MP: 3/3
   796 | D:2      | 796 ||| Stepping ~*~*~tactically~*~*~ (hiding).
   798 | D:2      | 798 ||| Stepping ~*~*~tactically~*~*~ (hiding).
   834 | D:2      | 834 ||| Stepping ~*~*~tactically~*~*~ (stealth).
   835 | D:2      | 835 ||| Stepping ~*~*~tactically~*~*~ (stealth).
   842 | D:2      | 842 ||| Stepping ~*~*~tactically~*~*~ (hiding).
  1021 | D:2      | 1021 ||| Stepping ~*~*~tactically~*~*~ (stealth).
  1241 | D:2      | 1241 ||| UPGRADING to +0 pair of boots.
  1246 | D:2      | 1246 ||| READING scroll labelled KUGERA ZUECE.
  1247 | D:2      | 1247 ||| DRINKING 3 fuming brown potions.
  1288 | D:3      | 1288 ||| Stepping ~*~*~tactically~*~*~ (stealth).
  1309 | D:3      | 1309 ||| DROPPING +0 club.
  1357 | D:3      | 1357 ||| Stepping ~*~*~tactically~*~*~ (hiding).
  1358 | D:3      | 1358 ||| Stepping ~*~*~tactically~*~*~ (hiding).
  1380 | D:3      | Reached skill level 4 in Axes
  1380 | D:3      | Reached XP level 4. HP: 12/28 MP: 4/4
  1509 | D:3      | 1509 ||| READING scroll of brand weapon.
  1509 | D:3      | 1509 ||| BRANDING +0 war axe of protection.
  1565 | D:3      | Found a burning altar of Makhleb.
  1568 | D:3      | Noticed a blizzard demon
  1569 | D:3      | 1569 ||| Stepping ~*~*~tactically~*~*~ (hiding).
  1584 | D:3      | Killed from afar by an orc priest

Levels and vault maps discovered:
D:1:      dpeg_arrival_fog, layout_basic
D:2:      layout_basic
D:3:      layout_rooms, makhleb_altar_promises_db

Skill      XL: |  1  2  3 |
---------------+----------+-----
Axes           | 2 3 4 |  4.2
Fighting       | |  3.2
Armour         | |  3.2
Shields        | |  3.2

Action                     |  1- 3 |  4- 6 || total
---------------------------+-------+-------++-------
  Melee: War axe           |    78 |    24 ||   102
  Throw: Boomerang         |    14 |     4 ||    18
    Use: Scroll            |     5 |     1 ||     6
         Potion            |     1 |       ||     1
 Armour: Scale mail        |    47 |    10 ||    57
  Dodge: Dodged            |    32 |     9 ||    41
  Block: Buckler           |    16 |     5 ||    21

Table legend:
 A = Non-vault XP
 B = Vault XP
 C = Vault XP percentage of total XP
 D = Non-vault monster count
 E = Vault monster count
 F = Vault count percentage of total count
                 A         B        C        D         E       F
            +---------+---------+-------+---------+---------+-------
      Total |     167 |       0 |   0.0 |      44 |       0 |   0.0
            +---------+---------+-------+---------+---------+-------
        D:1 |      24 |       0 |   0.0 |      15 |       0 |   0.0
        D:2 |      26 |       0 |   0.0 |      12 |       0 |   0.0
        D:3 |     117 |       0 |   0.0 |      17 |       0 |   0.0
            +---------+---------+-------+---------+---------+-------
